 Dungeon Crawl Stone Soup version 0.32-a0-876-gcfddb08e57 (webtiles) character file.

Game seed: 10964621184807331250

8951 TacoSundae the Mimic (level 11, -5/100 HPs)
             Began as a Troll Shapeshifter on Apr 2, 2024.
             Was an Elder of Uskayaw.
             Slain by a two-headed ogre
             ... wielding a +0 giant club
              (23 damage)
             ... on level 11 of the Dungeon.
             The game lasted 00:29:45 (8336 turns).

TacoSundae the Mimic (Troll Shapeshifter)           Turns: 8336, Time: 00:29:47

Health: -5/100     AC:  4    Str: 30    XL:     11   Next: 16%
Magic:  10/10      EV: 10    Int:  6    God:    Uskayaw [****..]
Gold:   313        SH:  0    Dex: 13    Spells: 10/10 levels left

rFire   . .          .
                       - Unarmed
rCold   . . .        (shield currently unavailable)
rNeg    . . .        r - +0 robe {Will+}
rPois   +            h - +2 hat
rElec   .            (no cloak)
rCorr   .            (gloves unavailable)
SInv    .            (boots unavailable)
Will    +....        (no amulet)
Stlth   +            i - ring of poison resistance
HPRegen 1.16/turn    u - +6 ring of strength
MPRegen 0.12/turn

%: no passive effects
@: blade hands
A: large, unfitting armour, (claws 3), regeneration 1, shaggy fur 1, tough skin
1
a: Begin Untransformation, Renounce Religion, Stomp, Line Pass


You were on level 11 of the Dungeon.
You worshipped Uskayaw.
Uskayaw was noncommittal.
You had blades for hands.
You visited 1 branch of the dungeon, and saw 11 of its levels.

You collected 733 gold pieces.
You spent 420 gold pieces at shops.

Inventory:

Missiles
 n - 2 throwing nets (quivered)
 q - 6 poisoned darts
 y - a curare-tipped dart
Armour
 h - a +2 hat (worn)
 r - a +0 robe of willpower (worn)
Jewellery
 i - a ring of poison resistance (left blade hand)
 j - a ring of resist corrosion
 p - a ring of magical power
 u - a +6 ring of strength (right blade hand)
Talismans
 c - a beast talisman
 d - a flux talisman
 s - a blade talisman (active)
Wands
 m - a wand of iceblast (14)
 o - a wand of charming (16)
 v - a wand of flame (25)
 A - a wand of mindburst (7)
Scrolls
 e - 2 scrolls of poison
 f - a scroll of enchant armour
 k - 2 scrolls of summoning
 w - a scroll of torment
 x - a scroll of blinking
 z - a scroll of identify
 B - a scroll of fear
Potions
 a - 2 potions of heal wounds
 b - 3 potions of lignification
 g - 2 potions of curing
 l - 4 potions of enlightenment
 t - 2 potions of mutation
 D - a potion of haste {unknown}


   Skills:
 + Level 4.0 Fighting
 + Level 4.2 Dodging
 * Level 11.1 Unarmed Combat
 * Level 11.4 Shapeshifting


You had 10 spell levels left.
You didn't know any spells.
Your spell library contained the following spells:

 Spells                   Type           Power      Damage    Failure   Level
 Call Imp                 Summ           0%         N/A       58%         2
 Sublimation of Blood     Necr           0%         N/A       58%         2
 Summon Hydra             Summ           0%         N/A       100%        7


Dungeon Overview and Level Annotations

Branches:
Dungeon (11/15)            Temple (0/1) D:5            Lair (0/5) D:11
    Orc (0/2) D:10

Altars:
Dithmenos
Gozag
Nemelex Xobeh
Okawaru
Qazlal
Ru
Uskayaw
The Shining One

Shops:
D:7 [=[   D:8 ?   D:10 (

Portals:
Trove: D:11 (give 6 scrolls of fog)

Annotations:
D:4 1 runed translucent door, NotBatman's ghost, amateur MiBe


Innate Abilities, Weirdness & Mutations

You have blades for hands.
You are incapable of wielding weapons or throwing items.
You are too large for most types of armour.
((You have claws for hands.))
Your natural rate of healing is unusually fast.
You are covered in fur. (AC +1)
You have tough skin. (AC +1)


Message History

The vampire mosquito is heavily damaged.
The black bear is no longer sharing its pain.
The vampire mosquito bites you!
The vampire mosquito draws strength from your injuries!
You closely miss the vampire mosquito.
The vampire mosquito is heavily damaged.
The vampire mosquito completely misses you.
The vampire mosquito bites you.
The vampire mosquito draws strength from your injuries!
You barely miss the vampire mosquito.
The vampire mosquito is moderately damaged.
The vampire mosquito is no longer sharing its pain. x2
The vampire mosquito bites you.
The vampire mosquito draws strength from your injuries!
You closely miss the vampire mosquito.
The vampire mosquito is moderately damaged.
The vampire mosquito bites you.
The vampire mosquito draws strength from your injuries!
The vampire mosquito bites you.
The vampire mosquito draws strength from your injuries!
You miss the vampire mosquito. Your slash misses the vampire mosquito.
The vampire mosquito is lightly damaged.
The vampire mosquito bites you!
The vampire mosquito draws strength from your injuries!
The two-headed ogre hits you with a +0 giant club!!
* * * LOW HITPOINT WARNING * * *
The two-headed ogre barely misses you.
You slice the two-headed ogre!! Your slash misses the two-headed ogre.
The two-headed ogre is heavily wounded.
The vampire mosquito closely misses you.
The vampire mosquito bites you.
* * * LOW HITPOINT WARNING * * *
The vampire mosquito draws strength from your injuries!
You closely miss the two-headed ogre.
The two-headed ogre is heavily wounded.
The two-headed ogre hits you with a +0 giant club.
* * * LOW HITPOINT WARNING * * *
The two-headed ogre hits you with a +0 great mace!!
You die...
Your body falls in perfect tune with the rhythm.

,,,,,,,,,,,.......<.............>
,*,*,***,**.######...........#...
,,,,,***,*,,..............~..#...
**,*,,**,**###..#.#####..........
**,*,,**,,,,..........+..~.......
,,,,,,,*****##.###.####..........
**,***,*######.#|#.####..........
*,*,,,,.......###....'..........
**,*,**,.#.....O@yy.###..∩.......
,*,*,,,,........################.
,*,,,,,,).....h.#*##############.
,,,,,,,,PP.......,..(............
,,,,,,,,.P..P###################<
,,,,,,,,P....,* *,
,,,,,***#P.P,,******** *,
,,,,,*,,+..,,,**,,,,,* ***,
,,,,,*>,#..,,,,*,,,,,*********+*+


You could see a two-headed ogre, a black bear and 2 vampire mosquitoes.

Vanquished Creatures
  A two-headed ogre (D:9)
  Pikel (D:8)
  Maurice (D:7)
  Joseph (D:8)
  Jeremiah (D:7)
  Grinder (D:3)
  A troll (D:11)
  Prince Ribbit (D:8)
  A vampire (D:9)
  A shadow (D:10)
  4 yaks (D:9)
  2 wyverns
  Grum (D:8)
  2 steam dragons
  2 vampire mosquitoes (D:11)
  2 acid dragons
  A water moccasin (D:5)
  7 black bears
  3 orc warriors
  A sky beast (D:7)
  3 ice beasts
  2 ogres
  2 wolves (D:8)
  4 centaurs
  3 lemures (D:8)
  2 phantoms (D:5)
  Blork the orc (D:6)
  A bullfrog (D:6)
  A kobold brigand (D:8)
  2 scorpions
  8 wights
  9 killer bees
  A bombardier beetle (D:5)
  2 howler monkeys
  2 jellies
  An orc priest (D:5)
  2 sleepcaps
  5 iguanas
  Natasha (thrice) (D:3)
  6 orc wizards
  15 gnolls
  6 adders
  A white imp (D:6)
  4 ufetubi
  6 ribbon worms
  6 dart slugs
  33 orcs
  3 ball pythons
  8 endoplasms
  5 giant cockroaches
  10 hobgoblins
  5 jackals
  17 kobolds
  6 quokkas
  3 bats
  2 frilled lizards
  15 goblins
  8 rats
248 creatures vanquished.

Vanquished Creatures (others)
  An orc warrior (D:9)
  2 orc wizards
  An orc (D:6)
4 creatures vanquished.

Grand Total: 252 creatures vanquished

Notes
Turn   | Place    | Note
-------+----------+-------------------------------------------
     0 | D:1      | TacoSundae the Troll Shapeshifter began the quest for the
                  | Orb.
     0 | D:1      | Reached XP level 1. HP: 18/18 MP: 0/0
   276 | D:1      | Reached skill level 1 in Fighting
   320 | D:1      | Reached XP level 2. HP: 26/27 MP: 1/1
   838 | D:1      | Reached XP level 3. HP: 32/33 MP: 2/2
  1022 | D:2      | Reached XP level 4. HP: 33/41 MP: 3/3
  1188 | D:2      | Reached XP level 5. HP: 12/48 MP: 4/4
  1417 | D:2      | Found a stormy altar of Qazlal.
  1775 | D:3      | Noticed Natasha
  1786 | D:3      | Killed Natasha
  1914 | D:3      | Noticed Natasha
  1919 | D:3      | Killed Natasha
  1943 | D:3      | Reached XP level 6. HP: 57/57 MP: 5/5
  1977 | D:3      | Noticed Natasha
  1983 | D:3      | Killed Natasha
  2141 | D:3      | Found a sacrificial altar of Ru.
  2141 | D:3      | Noticed Grinder
  2200 | D:3      | Paralysed by Grinder for 3 turns
  2204 | D:3      | Paralysed by Grinder for 5 turns
  2214 | D:3      | Killed Grinder
  2215 | D:3      | Reached skill level 5 in Unarmed Combat
  2215 | D:3      | Reached skill level 5 in Shapeshifting
  2263 | D:3      | Identified the +9 chain mail "Raivysuz" {rPois Str-5
                  | Slay+3}
  2458 | D:4      | Reached XP level 7. HP: 64/65 MP: 6/6
  2607 | D:4      | Found a sparkling altar of Nemelex Xobeh.
  2663 | D:4      | Found a shadowy altar of Dithmenos.
  2816 | D:4      | Found a stormy altar of Qazlal.
  3031 | D:4      | Found a hide-covered altar of Uskayaw.
  3051 | D:4      | Became a worshipper of Uskayaw the Reveller
  3127 | D:4      | Found a runed translucent door.
  3129 | D:4      | Noticed NotBatman's ghost (amateur MiBe)
  3192 | D:4      | Reached * piety under Uskayaw
  3307 | D:5      | Entered Level 5 of the Dungeon
  3312 | D:5      | Reached ** piety under Uskayaw
  3321 | D:5      | Found a staircase to the Ecumenical Temple.
  3441 | D:5      | Reached *** piety under Uskayaw
  3444 | D:5      | Reached **** piety under Uskayaw
  3445 | D:5      | Reached XP level 8. HP: 38/72 MP: 7/7
  3561 | D:5      | Found an opulent altar of Gozag.
  4176 | D:6      | Noticed Blork the orc
  4193 | D:6      | Killed Blork the orc
  4307 | D:6      | Reached XP level 9. HP: 17/79 MP: 8/8
  4534 | D:6      | Reached ***** piety under Uskayaw
  5126 | D:7      | Found a glowing golden altar of the Shining One.
  5126 | D:7      | Noticed Jeremiah
  5174 | D:7      | Killed Jeremiah
  5305 | D:7      | Found Akkuike's Armour Shop.
  5421 | D:7      | Found Kumar's Jewellery Emporium.
  5436 | D:7      | Bought a blade talisman for 420 gold pieces
  5465 | D:7      | Found Fanism's Antique Armour Emporium.
  5536 | D:7      | Noticed Maurice
  5576 | D:7      | Something stole a ring of magical power
  5578 | D:7      | Something stole a blade talisman
  5581 | D:7      | Killed Maurice
  5770 | D:7      | Reached XP level 10. HP: 81/88 MP: 9/9
  5773 | D:7      | Reached skill level 10 in Shapeshifting
  5802 | D:7      | Reached ****** piety under Uskayaw
  5948 | D:8      | Noticed Grum
  5952 | D:8      | Killed Grum
  6065 | D:8      | Found an iron altar of Okawaru.
  6131 | D:8      | Noticed Pikel
  6143 | D:8      | Killed Pikel
  6144 | D:8      | Reached skill level 10 in Unarmed Combat
  6243 | D:8      | Noticed Prince Ribbit
  6254 | D:8      | Killed Prince Ribbit
  6255 | D:8      | Found Hupaih's Magic Scroll Shop.
  6787 | D:8      | Noticed Joseph
  6797 | D:8      | Killed Joseph
  7017 | D:9      | Noticed a two-headed ogre
  7031 | D:9      | Killed a two-headed ogre
  7533 | D:9      | Reached XP level 11. HP: 91/98 MP: 10/10
  7596 | D:10     | Entered Level 10 of the Dungeon
  7702 | D:10     | Found Jogu's Weapon Shop.
  7824 | D:10     | Found a staircase to the Orcish Mines.
  8282 | D:11     | Found a portal to a secret trove of treasure.
  8324 | D:11     | Noticed a two-headed ogre
  8336 | D:11     | Slain by a two-headed ogre

Illustrated notes

Levels and vault maps discovered:
D:1:      roderic_octagonal_star, layout_loops_corners
D:2:      cheibrodos_greedy_goblins, layout_loops_cross, basic_altar,
          grunt_ministairs_6, corexii_corridor_pit
D:3:      layout_rooms, mainiacjoe_overflow_brackets, hex_tiny, uniq_natasha,
          uniq_grinder
D:4:      layout_gridville, nicolae_uskayaw_suspiria, mainiacjoe_overflow_paths,
          lemuel_doored_altar, nicolae_dithmenos_the_darkroom,
          ebering_ghost_inner_flame
D:5:      layout_basic, nicolae_gozag_cash_rules_everything_around_me,
          minmay_temple_entry_wispy
D:6:      layout_basic, minmay_quadrilaterals, uniq_blork_the_orc
D:7:      layout_basic, mainiacjoe_overflow_six_doors_small, serial_shops,
          kennysheep_mini_moat, nicolae_shop_waterfront,
          nicolae_shop_hallway_stairs, uniq_maurice, uniq_jeremiah
D:8:      layout_layer_cave, okawaru_metal_pillars_3, serial_shops,
          nicolae_lakefront_shop, kennysheep_minor_cross, uniq_joseph,
          uniq_prince_ribbit1, uniq_pikel, uniq_grum
D:9:      layout_rooms, nicolae_zig_zag_zippers
D:10:     layout_irregular_city, orc_0_dummy, serial_shops,
          nicolae_shop_bloodbath_and_beyond, reono_crystal_passage
D:11:     layout_basic, grunt_lair_entry_orc_guard_hut, enter_trove_0,
          item_on_display_a

Skill      XL: |  1  2  3  4  5  6  7  8  9 10 11 |
---------------+----------------------------------+-----
Fighting       | 1 2 3 4 |  4.0
Dodging        | 2 4 |  4.2
Unarmed Combat | 4 5 6 8 9 10 11 | 11.1
Shapeshifting  | 4 5 6 8 9 11 | 11.4

Action                     |  1- 3 |  4- 6 |  7- 9 | 10-12 || total
---------------------------+-------+-------+-------+-------++-------
  Melee: Unarmed           |    74 |   156 |   239 |   168 ||   637
         Punch             |     1 |     3 |    10 |     7 ||    21
 Invoke: Line Pass         |       |       |     1 |       ||     1
Ability: Begin Untransform |       |       |       |     1 ||     1
    Use: Scroll            |       |     8 |     6 |     2 ||    16
         Potion            |       |       |     5 |       ||     5
   Stab: Sleeping          |       |     1 |       |       ||     1
         Paralysed         |       |       |     5 |    11 ||    16
         Distracted        |       |       |     1 |       ||     1
 Armour: Animal skin       |    49 |    84 |   105 |       ||   238
         Robe              |       |       |    69 |   116 ||   185
  Dodge: Dodged            |    41 |    52 |   102 |    64 ||   259
   Form: Blade             |       |       |       |     2 ||     2

Table legend: (Time is in decaauts)
 A = Elapsed time spent in this place.
 B = Non-inter-level travel time spent in this place.
 C = Inter-level travel time spent in this place.
 D = Time resting spent in this place.
 E = Time spent auto-exploring this place.
 F = Levels seen in this place.
 G = Mean time per level.
                   A        B        C        D        E       F      G
               +--------+--------+--------+--------+--------+-----+--------+
         Total |   8249 |   7874 |    375 |     77 |   5358 |  11 |  749.9 |
       Dungeon |   8249 |   7874 |    375 |     77 |   5358 |  11 |  749.9 |
               +--------+--------+--------+--------+--------+-----+--------+

Top non-repeatable levels by time:
     D:8: 984 daAuts
     D:6: 978 daAuts
     D:7: 905 daAuts
     D:1: 901 daAuts
     D:4: 900 daAuts
     D:2: 822 daAuts
     D:5: 720 daAuts
    D:10: 678 daAuts
     D:3: 660 daAuts
     D:9: 641 daAuts
    D:11: 54 daAuts
